General information
- name: 1on1 sKilled VCK # 123
- type: Custom game
- host: Eye-Servant
- saver: Eye-Servant
map: EchoIsles
- players: 11
- length: 18:49
- speed: Fast
- version: 1.24 W3XP
- replay type: Public
» download(123 KB)
Players
team 1 (winner)

»
viralStarshaped (
teal | 113 APM | 2136 actions | 18:49)
6 Pandaren Brewmaster
3 Breath of Fire
2 Drunken Brawler
1 Storm Earth and Fire
» actions
| Assign group hotkey | 40 | |
| Basic commands | 118 | |
| Build / train | 70 | |
| ESC pressed | 1 | |
| Enter build submenu | 27 | |
| Enter hero's abilities submenu | 6 | |
| Right click | 709 | |
| Select / deselect | 439 | |
| Select group hotkey | 641 | |
| Use ability | 85 | |
2136 total
» units
| Peasant | 17 | |
| Footman | 8 | |
| Spell Breaker | 16 | |
| Forest Troll Shadow Priest | 1 | |
42 total
» upgrades
» buildings
| Altar of Kings | 1 | |
| Farm | 10 | |
| Barracks | 1 | |
| Keep | 1 | |
| Arcane Vault | 1 | |
| Arcane Sanctum | 3 | |
| Scout Tower | 1 | |
| Arcane Tower | 1 | |
| Town Hall | 1 | |
| Lumber Mill | 1 | |
| Blacksmith | 2 | |
23 total
» build order
00:07 Altar of Kings
00:12 Farm
00:15 Barracks
00:48 Farm
01:37 Farm
03:01 Keep
03:20 Arcane Vault
03:24 Farm
04:37 Farm
05:35 Arcane Sanctum
05:36 Arcane Sanctum
05:45 Farm
07:18 Scout Tower
07:35 Arcane Tower
08:05 Town Hall
09:04 Farm
09:25 Lumber Mill
09:56 Blacksmith
09:58 Blacksmith
10:16 Farm
10:42 Arcane Sanctum
12:21 Farm
16:42 Farm
» items
| Scroll of Regeneration | 2 | |
| Lesser Clarity Potion | 4 | |
| Scroll of Town Portal | 2 | |
| Boots of Speed | 1 | |
| Potion of Lesser Invulnerability | 2 | |
| Potion of Healing | 1 | |
| Scroll of Healing | 1 | |
| Potion of Mana | 1 | |
14 total
team 2 (loser)

»
viralChainer (
pink | 97 APM | 1824 actions | 18:49)
4 Archmage
2 Summon Water Elemental
2 Brilliance Aura
2 Mountain King
1 Storm Bolt
1 Thunder Clap
1 Paladin
1 Holy Light
» actions
| Assign group hotkey | 18 | |
| Basic commands | 61 | |
| Build / train | 60 | |
| ESC pressed | 2 | |
| Enter build submenu | 23 | |
| Enter hero's abilities submenu | 9 | |
| Give item / drop item | 6 | |
| Remove unit from queue | 1 | |
| Right click | 919 | |
| Select / deselect | 517 | |
| Select group hotkey | 108 | |
| Use ability | 100 | |
1824 total
» units
| Peasant | 10 | |
| Footman | 6 | |
| Forest Troll Shadow Priest | 3 | |
| Forest Troll Berserker | 3 | |
| Spell Breaker | 8 | |
| Mud Golem | 1 | |
| Priest | 1 | |
32 total
» upgrades
» buildings
| Altar of Kings | 1 | |
| Barracks | 1 | |
| Farm | 9 | |
| Keep | 1 | |
| Scout Tower | 4 | |
| Arcane Vault | 2 | |
| Arcane Sanctum | 2 | |
| Arcane Tower | 2 | |
| Castle | 2 | |
| Blacksmith | 1 | |
| Lumber Mill | 1 | |
26 total
» build order
00:13 Altar of Kings
00:19 Barracks
00:33 Farm
00:52 Farm
01:32 Farm
02:37 Farm
03:26 Keep
04:10 Scout Tower
04:30 Farm
04:35 Scout Tower
06:03 Arcane Vault
06:05 Arcane Sanctum
06:09 Arcane Sanctum
06:12 Arcane Vault
07:23 Farm
07:24 Farm
09:47 Farm
10:11 Arcane Tower
10:12 Farm
10:13 Castle
10:13 Castle
12:16 Blacksmith
12:22 Scout Tower
12:25 Scout Tower
14:34 Arcane Tower
16:38 Lumber Mill
» items
| Scroll of Regeneration | 4 | |
| Potion of Healing | 1 | |
| Scroll of Healing | 3 | |
| Circlet of Nobility | 1 | |
| Potion of Lesser Invulnerability | 1 | |
10 total
observersEye-Servant,
jack_ice,
Akinos,
faoolien,
KhaRmA,
Hawken,
freeonix,
Hoggno,
wiLDor Chat log
(00:03 / All) viralStarshaped: hu
(00:05 / All) viralChainer: hu
(00:08 / All) viralChainer: *plat
(00:16 / Observers) KhaRmA: chainer good=?
(00:19 / All) viralStarshaped: no
(00:22 / All) viralStarshaped: im pretty sure ur gold
(00:25 / All) viralChainer: fucked up build
(00:27 / All) viralChainer: thinking of sc2
(00:34 / All) viralStarshaped: how is that even possible
(00:41 / All) viralChainer: sent all into gold
(00:44 / All) viralChainer: and was waiting for peon
(00:50 / All) viralChainer: i.e no fast altar
(01:14 / Observers) KhaRmA: .
(01:16 / Observers) KhaRmA: Hi obs
(01:21 / Observers) Hawken: hi
(01:22 / Observers) wiLDor: hi
(01:24 / Observers) freeonix: hi
(01:26 / Observers) faoolien: hi =)
(01:28 / Observers) jack_ice: hi
(01:29 / Observers) wiLDor: привет
(01:32 / Observers) Hoggno: hi
(01:33 / Observers) KhaRmA: ok
(01:41 / Observers) wiLDor: русские есть?
(01:47 / Observers) KhaRmA: thanks for respont
(01:50 / All) viralChainer: fag
(01:55 / All) viralStarshaped: wat
(02:04 / Observers) KhaRmA: so
(02:08 / Observers) KhaRmA: anybody knows chainer?
(02:10 / Observers) KhaRmA: is he good?
(02:15 / Observers) Eye-Servant: its bd.chainer_
(02:16 / Observers) Hawken: dunno
(02:22 / Observers) Eye-Servant: so he is not noob
(02:28 / Observers) KhaRmA: bg.chainer?
(02:34 / Observers) Eye-Servant: bd
(02:45 / Observers) KhaRmA: ah
(02:47 / Observers) KhaRmA: i remember
(02:49 / Observers) KhaRmA: a replay
(02:50 / Observers) KhaRmA: XD
(02:54 / Observers) KhaRmA: starshaped
(02:56 / Observers) KhaRmA: vs
(03:01 / Observers) KhaRmA: that chinese human
(03:04 / Observers) KhaRmA: on tr
(03:10 / Observers) KhaRmA: .
(03:12 / Observers) KhaRmA: Dream
(03:22 / Observers) Hawken: star got toe?
(03:22 / All) viralChainer: jesus
(03:23 / Observers) KhaRmA: he talked to himself all game
(03:24 / All) viralChainer: i cnat paly
(03:30 / Observers) KhaRmA: when there were no observer
(03:33 / All) viralStarshaped: i know
(03:38 / All) viralChainer: no like at all
(03:44 / All) viralStarshaped: i know
(04:19 / Observers) KhaRmA: lol
(05:51 / Observers) KhaRmA: what account
(05:55 / Observers) KhaRmA: dkh.sub played
(05:57 / Observers) KhaRmA: sux-
(05:59 / Observers) Eye-Servant: y
(05:59 / Observers) KhaRmA: ?
(06:05 / Observers) KhaRmA: hmk
(06:17 / Observers) KhaRmA: he lost?
(06:28 / Observers) Eye-Servant: not 1
(14:12 / All) viralChainer: Doh
(15:24 / Observers) Akinos: ska dra o sova jalla
(15:31 / Observers) Eye-Servant: gonatt
(15:40 / Observers) KhaRmA: kukhuvud?
(15:56 / Observers) KhaRmA: :(
(18:29 / All) viralChainer: gg
(18:31 / All) viralStarshaped: gg
(18:31 / Observers) wiLDor: hgg
(18:32 / All) viralChainer: rematch>
(18:35 / All) viralChainer: i got better as i warmed up
(18:37 / All) viralChainer: my start
(18:40 / All) viralChainer: Was like a 20% noob
(18:41 / All) viralStarshaped: :D
(18:43 / All) viralStarshaped: sure
(18:46 / All) viralStarshaped: go re
(18:47 / All) viralChainer: watch replay xD